 Dungeon Crawl Stone Soup version 0.29.1-4-g47bece8355 (webtiles) character file.

Game seed: 10460182735157945966

28 hitthewallwitha the Cudgeller (level 3, 0/29 HPs)
             Began as a Human Cinder Acolyte on Dec 8, 2022.
             Was a High Priest of Ignis.
             Slain by a bat (1 damage)
             ... on level 1 of the Dungeon.
             The game lasted 00:07:45 (688 turns).

hitthewallwitha the Cudgeller (Human Cinder Acolyte) Turns: 688, Time: 00:07:46

Health: 0/29       AC:  2    Str: 14    XL:     3   Next: 30%
Magic:  4/4        EV: 11    Int: 16    God:    Ignis [*****.]
Gold:   0          SH:  0    Dex:  8    Spells: 4/4 levels left

rFire   + . .      SeeInvis .   a - -1 mace (flame)
rCold   . . .      Faith    .   (no shield)
rNeg    . . .      Spirit   .   b - +0 robe
rPois   .          Reflect  .   (no helmet)
rElec   .          Harm     .   (no cloak)
rCorr   .          Rampage  .   (no gloves)
Will    .....                   (no boots)
Stlth   +.........              (no amulet)
HPRegen 0.09/turn               (no ring)
MPRegen 0.09/turn               (no ring)

@: no status effects
A: no striking features
a: Renounce Religion, Fiery Armour, Foxfire Swarm, Rising Flame


You were on level 1 of the Dungeon.
You worshipped Ignis.
Ignis was extremely pleased with you.
You visited 1 branch of the dungeon, and saw 1 of its levels.

Inventory:

Hand Weapons
 a - a -1 mace of flaming (weapon)
 c - a +0 club
 d - a +0 club
 g - a +0 club
 h - a +0 club
 i - a +0 club
 j - a +0 dagger
 m - a +0 dagger
 o - a +0 short sword
Missiles
 n - 10 stones (quivered)
Armour
 b - a +0 robe (worn)
 q - a +0 robe
Scrolls
 e - a scroll of vulnerability {unknown}
 f - a scroll of immolation {unknown}
 k - a scroll of silence {unknown}
 l - a scroll of noise {unknown}
 p - a scroll of brand weapon {unknown}


   Skills:
 + Level 3.3 Fighting
 + Level 3.5 Maces & Flails
 + Level 0.6 Dodging
 + Level 1.1 Spellcasting
 + Level 3.1 Fire Magic


You had 4 spell levels left.
You didn't know any spells.
Your spell library contained the following spells:

 Spells                   Type           Power      Damage    Failure   Level
 Scorch                   Fire           22%        2d6       10%         2


Dungeon Overview and Level Annotations

Branches:
Dungeon (1/15)

Altars:


Message History

* * * LOW HITPOINT WARNING * * *
The goblin hits you with a +0 dagger of flaming.
* * * LOW HITPOINT WARNING * * *
You barely miss the bat. The bat hits you.
* * * LOW HITPOINT WARNING * * *
The goblin completely misses you.
You hit the goblin. You burn the goblin.
The goblin is severely wounded.
The bat closely misses you. The goblin barely misses you.
The goblin closely misses you.
You miss the goblin.
The goblin is severely wounded.
The bat closely misses you.
The goblin hits you with a +0 dagger of flaming.
* * * LOW HITPOINT WARNING * * *
You hit the goblin but do no damage.
The goblin is severely wounded.
The bat closely misses you.
An endoplasm comes into view.
The goblin barely misses you.
You closely miss the goblin.
The goblin is severely wounded.
The bat hits you but does no damage.
The goblin hits you with a +0 dagger of flaming.
* * * LOW HITPOINT WARNING * * *
The endoplasm quivers.
You hit the goblin. You burn the goblin.
You kill the goblin!
The bat hits you.
* * * LOW HITPOINT WARNING * * *
The bat misses you.
You see here a +0 short sword.
You hit the bat but do no damage. The bat closely misses you.
You hit the endoplasm but do no damage. The bat hits you.
* * * LOW HITPOINT WARNING * * *
The endoplasm hits you but does no damage.
You hit the endoplasm. You burn the endoplasm.
The endoplasm is almost dead.
The bat hits you.
You die...

.#.................. .
....##.####....#..#
.##..................
...................#
#...##.####...##..#
#...##.# #.......#
..####...##.####........
.......J................
......b@..†.####.#......
#######).#### #.#.##...
#.......# .........
#.......# .....##..#
#......... ..........
#.......### .....##.##
#.......# #.....#
#.......# #.......#


You could see an endoplasm and a bat.

Vanquished Creatures
  2 dart slugs (D:1)
  3 bats (D:1)
  An endoplasm (D:1)
  6 goblins (D:1)
  A hobgoblin (D:1)
  4 ball pythons (D:1)
  A frilled lizard (D:1)
  3 kobolds (D:1)
  2 rats (D:1)
23 creatures vanquished.

Notes
Turn   | Place    | Note
-------+----------+-------------------------------------------
     0 | D:1      | hitthewallwitha the Human Cinder Acolyte began the quest
                  | for the Orb.
     0 | D:1      | Reached XP level 1. HP: 18/18 MP: 2/2
   108 | D:1      | Reached XP level 2. HP: 16/24 MP: 3/3
   560 | D:1      | Reached XP level 3. HP: 21/29 MP: 4/4
   687 | D:1      | HP: 1/29 [bat (1)]
   688 | D:1      | Slain by a bat

Illustrated notes

Levels and vault maps discovered:
D:1:      dpeg_arrival_round_a, layout_basic

Action                   || total
-------------------------++-------
Melee: Mace              ||    71
       Punch             ||     1
Throw: Stone             ||     2
Armor: Robe              ||    29
Dodge: Dodged            ||    88
